 Dungeon Crawl Stone Soup version 0.25-a0-591-g2ad0d861f1 (webtiles) character file.

Game seed: 3461755926921237097, levelgen mode: deterministic

57345 wub the Bludgeoner (level 14, -1/132 HPs)
             Began as a Minotaur Fighter on Mar 14, 2020.
             Was a High Priest of Qazlal.
             Slain by a +7 vorpal scimitar (12 damage)
             ... on level 2 of the Elven Halls.
             The game lasted 01:07:02 (15013 turns).

wub the Bludgeoner (Minotaur Fighter)              Turns: 15013, Time: 01:07:04

Health: -1/132     AC: 24    Str: 34    XL:     14   Next: 45%
Magic:  15/15      EV: 11    Int:  7    God:    Qazlal [*****.]
Gold:   794        SH: 25    Dex:  9    Spells: 13/13 levels left

rFire    . . .     SeeInvis .   i - +3 mace (freeze)
rCold    + . .     Gourm    .   B - +3 kite shield
rNeg     . . .     Faith    .   p - +0 plate armour
rPois    .         Spirit   .   (helmet unavailable)
rElec    .         Reflect  .   o - +1 cloak
rCorr    .         Harm     .   (no gloves)
MR       +....                  (no boots)
Stlth    ..........             r - amulet of rage
HPRegen  0.32/turn              x - +6 ring of protection
MPRegen  0.14/turn              b - ring "Yjulul" {rC+ Str+5 Int+4}

@: very slightly contaminated, repel missiles
A: retaliatory headbutt, horns 3, dopey 1, strong 1
a: Upheaval, Elemental Force, Disaster Area, Renounce Religion, Evoke Berserk
Rage


You were on level 2 of the Elven Halls.
You worshipped Qazlal.
Qazlal was extremely pleased with you.
You were full.

You visited 4 branches of the dungeon, and saw 14 of its levels.
You also visited: Ossuary.

You collected 1404 gold pieces.
You spent 610 gold pieces at shops.

Inventory:

Hand Weapons
 i - a +3 mace of freezing (weapon)
Armour
 o - a +1 cloak (worn)
 p - a +0 plate armour (worn)
 B - a +3 kite shield (worn)
Jewellery
 b - the ring "Yjulul" (right hand) {rC+ Str+5 Int+4}
   (You bought it in a shop on level 2 of the Orcish Mines)

   [ring of protection from cold]

   It affects your strength (+5).
   It affects your intelligence (+4).
   It protects you from cold.
 r - an amulet of rage (around neck)
 x - a +6 ring of protection (left hand)
Wands
 a - a wand of random effects (22)
 c - a wand of disintegration (9)
 j - a wand of iceblast (6)
 y - a wand of clouds (10)
 I - a wand of flame (13)
Scrolls
 g - 6 scrolls of remove curse
 h - a scroll of fear
 k - 10 scrolls of identify
 u - 2 scrolls of enchant armour
 w - a scroll of enchant weapon
 L - a scroll of torment
Potions
 d - a potion of flight
 e - a potion of magic
 n - 3 potions of degeneration
 z - 2 potions of mutation
 D - a potion of curing
 K - 2 potions of berserk rage
 M - a potion of brilliance {unknown}
Comestibles
 f - 11 rations


   Skills:
 * Level 14.0 Fighting
 - Level 15.8 Maces & Flails
 + Level 12.6 Armour
 + Level 5.7 Dodging
 + Level 1.4 Stealth
 - Level 15.5 Shields
 + Level 3.4 Invocations
 + Level 2.0 Evocations


You had 13 spell levels left.
You didn't know any spells.
Your spell library contained the following spells:

 Spells                   Type           Power        Failure   Level  Hunger
 Corona                   Hex            #......      93%         1    ##.....
 Summon Small Mammal      Summ           #...         93%         1    ##.....
 Call Imp                 Summ           #.......     98%         2    ###....
 Ensorcelled Hibernation  Hex/Ice        #.....       98%         2    ###....
 Call Canine Familiar     Summ           #.......     100%        3    ####...
 Confusing Touch          Hex            #.......     100%        3    ####...
 Dazzling Flash           Conj/Hex       #.....       100%        3    ####...
 Summon Guardian Golem    Hex/Summ       #.......     100%        3    ####...
 Tukima's Dance           Hex            #.......     100%        3    ####...
 Summon Ice Beast         Ice/Summ       #.......     100%        4    #####..
 Summon Lightning Spire   Summ/Air       #.......     100%        4    #####..


Dungeon Overview and Level Annotations

Branches:
Dungeon (9/15)             Temple (1/1) D:7             Orc (2/2) D:9
    Elf (2/3) Orc:2       Ossuary (visited)
   Lair: D:8-11

Altars:
Ashenzari
Cheibriados
Dithmenos
Elyvilon
Fedhas
Gozag
Hepliaklqana
Kikubaaqudgha
Makhleb
Nemelex Xobeh
Okawaru
Qazlal
Ru
Sif Muna
Trog
Uskayaw
Vehumet
Wu Jian
Xom
Yredelemnul
Zin
The Shining One

Shops:
D:6 [   Orc:2 (=*(   Elf:1 [   Elf:2 *

Annotations:
Elf:2 2 runed translucent doors


Innate Abilities, Weirdness & Mutations

You reflexively headbutt those who attack you in melee.
You have a pair of large horns on your head.
You are dopey. (Int -2)
Your muscles are strong. (Str +2)


Message History

The +1 dire flail of holy wrath hits you but does no damage.
A battlesphere comes into view.
Blink to where?
Press: ? - help, Dir - move target cursor You are very lightly contaminated with residual magic.
As you read the scroll of blinking, it crumbles to dust.
The battlesphere moves out of view.
You feel less protected from physical attacks.
You block the +4 short sword of flaming's attack.
The +4 short sword of flaming hits you but does no damage.
You block the +4 short sword of flaming's attack.
The +0 trident of venom is engulfed in blazing flames.
You block the +7 vorpal scimitar's attack.
The +4 short sword of flaming completely misses you.
You furiously retaliate!
You headbutt the +4 short sword of flaming.
You block the +0 trident of venom's attack.
The +4 short sword of flaming hits you but does no damage.
The +7 vorpal scimitar hits you!
You die...

#.### #.# #.##### ##.(...## #####
##.......## ##...## #..○(..°..#
### #.....#####°..○(.○..# ###.###
.......'..'..°.((...#####.....###
.......####..)°.@.○.'..∩(((...'..
.......# #..°...☼[.#####.....###
#.....## ##...☼...## ###.#'##
#'...## ##'#....)[## ####.##
.##### ##.####'###.## ##'# ##
###.## #.# ##.#### ###. # #.'##
#.# ##.#.# #... ##.## #.#
##'.######... ######...# ###'###
#...'...'...


You could see 5 dancing weapons.

Vanquished Creatures
  Frances (Elf:1)
  A stone giant (Orc:2)
  A deep elf demonologist (Elf:2)
  The ghost of ICC the Slicer, a journeyman VSSk of Wu Jian (Orc:2)
  2 ogre magi (Orc:2)
  A deep elf high priest (Elf:1)
  The ghost of KiliKikkendorf the Martial Artist, a journeyman GnWn of Okawaru (Orc:2)
  9 two-headed ogres
  13 dancing weapons
  6 deep elf knights
  2 deep trolls (Orc:2)
  2 orc knights (Orc:2)
  8 deep elf archers
  Pikel (D:9)
  2 orc sorcerers
  2 cyclopes (Orc:2)
  34 deep elf magi
  12 trolls
  The ghost of Thargor the Chiller, an amateur MfIE (D:5)
  The ghost of DerDa the Firebug, an amateur DsFE (D:5)
  A hippogriff (D:8)
  2 air elementals
  A water elemental (Elf:1)
  2 fire elementals
  2 hungry ghosts
  A wraith (D:9)
  3 two-headed ogre zombies (D:9)
  3 wargs
  The ghost of Veteran the Conjurer, an amateur DECj (D:3)
  Duvessa (D:6)
  A slave (D:9)
  4 ice beasts
  19 orc warriors
  A necrophage (D:6)
  2 centaurs
  22 ogres
  2 elf zombies (Ossuary)
  2 bullfrogs
  Dowan (D:6)
  A water moccasin zombie (D:5)
  2 earth elementals
  A scorpion (D:6)
  A troll zombie (D:9)
  3 killer bees (D:8)
  7 howler monkeys
  2 bullfrog zombies
  2 human zombies (Ossuary)
  2 jellies
  A bullfrog skeleton (D:8)
  2 hounds
  2 centaur zombies (Ossuary)
  11 orc priests
  19 orc wizards
  5 iguanas
  6 worker ants
  A big kobold zombie (Ossuary)
  3 ogre zombies (D:9)
  A hound zombie (D:6)
  A hound skeleton (D:6)
  4 mummies
  9 adders
  A shadow imp (D:6)
  6 adder zombies
  2 adder skeletons
  6 worms
  3 dart slugs
  6 leopard geckos
  70 orcs
  2 giant cockroaches
  3 gnoll zombies (Ossuary)
  6 goblins
  8 hobgoblins
  15 jackals
  7 kobolds
  6 quokkas
  3 ball pythons
  6 bats
  6 frilled lizards
  2 goblin skeletons (D:9)
  8 goblin zombies
  2 hobgoblin zombies
  3 kobold zombies (Ossuary)
  2 leopard gecko skeletons
  3 orc skeletons (D:9)
  14 orc zombies
  A quokka skeleton (D:6)
  4 quokka zombies (Ossuary)
  5 rats
  4 rat zombies (Ossuary)
462 creatures vanquished.

Vanquished Creatures (collateral kills)
  An orc priest (Orc:2)
1 creature vanquished.

Vanquished Creatures (others)
  2 deep elf magi
  2 slaves (D:9)
  An ogre zombie (D:9)
  A jackal (D:2)
  A goblin zombie (D:9)
  3 orc zombies (D:9)
10 creatures vanquished.

Grand Total: 473 creatures vanquished

Notes
Turn   | Place    | Note
-------+----------+-------------------------------------------
     0 | D:1      | wub the Minotaur Fighter began the quest for the Orb.
     0 | D:1      | Reached XP level 1. HP: 19/19 MP: 0/0
   166 | D:1      | Reached XP level 2. HP: 27/27 MP: 1/1
   722 | D:2      | Reached XP level 3. HP: 30/33 MP: 2/2
   799 | D:2      | Found a hazy altar of Hepliaklqana.
   814 | D:2      | Found a shimmering altar of Xom.
   814 | D:2      | Noticed a yak
   815 | D:2      | Noticed a yak
   815 | D:2      | Noticed a spectral ugly thing
  1107 | D:2      | Found a stormy altar of Qazlal.
  1124 | D:2      | Became a worshipper of Qazlal Stormbringer
  1281 | D:2      | Reached XP level 4. HP: 25/40 MP: 3/3
  1881 | D:3      | Reached * piety under Qazlal
  1881 | D:3      | Reached XP level 5. HP: 36/46 MP: 4/4
  1933 | D:3      | Noticed Veteran's ghost (amateur DECj)
  1941 | D:3      | Found a runed translucent door.
  1985 | D:3      | Killed Veteran's ghost
  2153 | D:4      | Reached skill level 5 in Armour
  2153 | D:4      | Reached XP level 6. HP: 53/53 MP: 5/5
  2205 | D:4      | Reached skill level 5 in Maces & Flails
  2313 | D:4      | Reached skill level 1 in Dodging
  2313 | D:4      | Reached skill level 5 in Shields
  2326 | D:4      | Found an opulent altar of Gozag.
  2818 | D:4      | Reached skill level 5 in Fighting
  2836 | D:5      | Entered Level 5 of the Dungeon
  2940 | D:5      | Reached XP level 7. HP: 56/61 MP: 6/6
  3074 | D:5      | Found a shadowy altar of Dithmenos.
  3266 | D:5      | Found a runed translucent gate.
  3267 | D:5      | Found a runed translucent gate.
  3267 | D:5      | Found a runed translucent gate.
  3267 | D:5      | Noticed DerDa's ghost (amateur DsFE)
  3269 | D:5      | Noticed Thargor's ghost (amateur MfIE)
  3283 | D:5      | Killed DerDa's ghost
  3300 | D:5      | Killed Thargor's ghost
  3300 | D:5      | Reached XP level 8. HP: 48/70 MP: 7/7
  3842 | D:6      | Reached ** piety under Qazlal
  3858 | D:6      | Found a glowing golden altar of the Shining One.
  4030 | D:6      | Reached skill level 1 in Evocations
  4363 | D:6      | Noticed Dowan
  4364 | D:6      | Noticed Duvessa
  4372 | D:6      | Killed Duvessa
  4372 | D:6      | Reached XP level 9. HP: 78/78 MP: 8/8
  4377 | D:6      | Killed Dowan
  4480 | D:6      | Found Saypeor's Antique Armour Shop.
  4785 | D:7      | Found a staircase to the Ecumenical Temple.
  4904 | D:7      | Found a shimmering blue altar of Sif Muna.
  5228 | D:7      | Reached *** piety under Qazlal
  5265 | D:7      | Reached skill level 10 in Maces & Flails
  5273 | D:7      | Found a hide-covered altar of Uskayaw.
  5273 | D:7      | Noticed a +0 hand axe
  5273 | D:7      | Noticed a +0 hand axe
  5622 | Temple   | Entered the Ecumenical Temple
  6076 | D:8      | Noticed a two-headed ogre
  6082 | D:8      | Killed a two-headed ogre
  6168 | D:8      | Found a sacrificial altar of Ru.
  6241 | D:8      | Found a sparkling altar of Nemelex Xobeh.
  6373 | D:8      | Reached XP level 10. HP: 86/86 MP: 9/9
  6406 | D:8      | Found a sand-covered staircase.
  6415 | Ossuary  | Entered an ossuary
  6463 | Ossuary  | Reached **** piety under Qazlal
  6733 | D:8      | Found a radiant altar of Vehumet.
  6733 | D:8      | Found a bloodstained altar of Trog.
  7256 | D:9      | Found a staircase to the Orcish Mines.
  7499 | D:8      | Reached skill level 10 in Shields
  7549 | D:9      | Noticed Pikel
  7564 | D:9      | Killed Pikel
  7572 | D:9      | Reached ***** piety under Qazlal
  7626 | Orc:1    | Entered Level 1 of the Orcish Mines
  7633 | Orc:1    | Noticed an orc sorcerer
  7637 | Orc:1    | Paralysed by an orc sorcerer for 4 turns
  7643 | Orc:1    | Noticed an orange demon
  7646 | Orc:1    | Killed an orc sorcerer
  7717 | Orc:1    | Reached XP level 11. HP: 54/95 MP: 11/11
  7951 | Orc:2    | Entered Level 2 of the Orcish Mines
  7951 | Orc:2    | Found a runed translucent gate.
  7951 | Orc:2    | Found a runed translucent gate.
  7952 | Orc:2    | Found a runed translucent gate.
  7953 | Orc:2    | Noticed ICC's ghost (journeyman VSSk)
  7954 | Orc:2    | Noticed KiliKikkendorf's ghost (journeyman GnWn)
  7965 | Orc:2    | Noticed a deep troll
  7973 | Orc:2    | Noticed a two-headed ogre
  7981 | Orc:2    | Noticed a two-headed ogre
  7982 | Orc:2    | Noticed a two-headed ogre
  7985 | Orc:2    | Killed a deep troll
  7990 | Orc:2    | Noticed a two-headed ogre
  7992 | Orc:2    | Killed a two-headed ogre
  7993 | Orc:2    | Noticed an ogre mage
  7993 | Orc:2    | Noticed a two-headed ogre
  7995 | Orc:2    | Noticed a two-headed ogre
  7996 | Orc:2    | Killed a two-headed ogre
  8007 | Orc:2    | Noticed a two-headed ogre
  8018 | Orc:2    | Killed an ogre mage
  8018 | Orc:2    | Reached skill level 1 in Invocations
  8023 | Orc:2    | Noticed a two-headed ogre
  8030 | Orc:2    | Killed a two-headed ogre
  8032 | Orc:2    | Killed a two-headed ogre
  8044 | Orc:2    | Killed a two-headed ogre
  8049 | Orc:2    | Killed a two-headed ogre
  8055 | Orc:2    | Noticed an orc knight
  8055 | Orc:2    | Killed a two-headed ogre
  8069 | Orc:2    | Noticed an orc knight
  8071 | Orc:2    | Gained mutation: You are dopey. (Int -2) [potion of
                  | mutation]
  8071 | Orc:2    | Gained mutation: Your muscles are strong. (Str +2) [potion
                  | of mutation]
  8071 | Orc:2    | Gained mutation: You have a pair of large horns on your
                  | head. [potion of mutation]
  8073 | Orc:2    | Killed a two-headed ogre
  8073 | Orc:2    | Reached XP level 12. HP: 44/106 MP: 12/12
  8088 | Orc:2    | Reached skill level 10 in Fighting
  8401 | Orc:2    | Noticed an ogre mage
  8411 | Orc:2    | Killed an ogre mage
  8561 | Orc:2    | Found a staircase to the Elven Halls.
  8562 | Orc:2    | Noticed a stone giant
  8586 | Orc:2    | Killed a stone giant
  8591 | Orc:2    | Reached skill level 15 in Maces & Flails
  9140 | Orc:2    | Found Racoconk's Antique Weapon Shoppe.
  9145 | Orc:2    | Found Conik's Assorted Antiques.
  9146 | Orc:2    | Found Koqeunt's Weapon Shop.
  9157 | Orc:2    | Found Wiruyry's Jewellery Emporium.
  9263 | Orc:2    | Bought the ring "Yjulul" {rC+ Str+5 Int+4} for 610 gold
                  | pieces
  9430 | Orc:2    | Killed ICC's ghost
  9443 | Orc:2    | Killed KiliKikkendorf's ghost
  9498 | Elf:1    | Entered Level 1 of the Elven Halls
  9573 | Elf:1    | Reached XP level 13. HP: 107/114 MP: 13/13
  9612 | Elf:1    | Reached skill level 5 in Dodging
 10012 | Elf:1    | Reached skill level 10 in Armour
 10066 | Elf:1    | Paralysed by an orc sorcerer for 3 turns
 10072 | Elf:1    | Reached skill level 15 in Shields
 10404 | Elf:1    | Noticed Frances
 10431 | Elf:1    | Killed Frances
 10881 | Elf:1    | Found Purchid's Antique Armour Shop.
 11810 | Elf:1    | Reached skill level 1 in Stealth
 12958 | Elf:2    | Reached XP level 14. HP: 102/127 MP: 15/15
 14177 | Elf:2    | Found Ucul's General Store.
 14900 | Elf:2    | Found a large runed translucent door.
 14900 | Elf:2    | Found a large runed translucent door.
 14923 | Elf:2    | Found a large runed translucent door.
 14923 | Elf:2    | Found a large runed translucent door.
 14994 | Elf:2    | HP: 1/132 [+1 halberd of protection (22)]
 15001 | Elf:2    | HP: 6/132 [+7 vorpal scimitar (1)]
 15013 | Elf:2    | Slain by a +7 vorpal scimitar

Levels and vault maps discovered:
D:1:      evilmike_arrival_rings, layout_loops_ring, serial_glass,
          glass_columns_a, glass_columns_b, glass_columns_b, glass_columns_b,
          glass_columns_a, glass_columns_a, glass_columns_b, glass_columns_b,
          glass_columns_b, glass_columns_a, feat_on_display,
          minmay_strange_pillars
D:2:      layout_basic, regret_index_temple_of_mockery, grunt_qazlal_clouds,
          first_ration
D:3:      layout_rooms, hellmonk_ghost_happy_afterlife, due_unseen_surprise
D:4:      layout_basic, grunt_gozag_breadcrumbs
D:5:      layout_loops_ring, lemuel_round_altar, gammafunk_ghost_cemetery
D:6:      layout_gridville, serial_shops, shop, minmay_ruined_shrine,
          uniq_duvessa
D:7:      layout_gridville, lemuel_blue_sif_altar, dancing_weapons_uskayaw,
          minmay_temple_entry_grid
D:8:      layout_loops_corners, gammafunk_temple_overflow_elements,
          overflow_temple_1_default, nemelex_xobeh_ov_fountains_minmay,
          gup_ossuary_entry_pyramid
D:9:      layout_gridville, erik_lair_orcish_takeover, zombieorc2_lemuel,
          uniq_pikel, uniq_erica
Temple:   minmay_temple_forest_path
Orc:1:    layout_diamond_mine
Orc:2:    st_orc_open, layout_diamond_mine, gammafunk_ghost_cemetery
Elf:1:    eino_elf_arrival_customs, layout_loops_corners, serial_shops,
          nicolae_shop_stone, kennysheep_underground_church, uniq_frances
Elf:2:    layout_geoelf_octagon, serial_shops, shop

Skill      XL: |  1  2  3  4  5  6  7  8  9 10 11 12 13 14 |
---------------+-------------------------------------------+-----
Armour         | 4 5 6 7 8 9 11 12 | 12.6
Fighting       | 4 5 6 7 8 9 10 12 14 | 14.0
Shields        | 4 5 6 7 9 11 13 14 15 | 15.5
Maces & Flails | 3 4 5 7 9 11 12 13 15 | 15.8
Dodging        | 1 2 3 4 5 |  5.7
Evocations     | 1 2 |  2.0
Invocations    | 1 2 3 |  3.4
Stealth        | 1 |  1.4

Action                   |  1- 3 |  4- 6 |  7- 9 | 10-12 | 13-15 || total
-------------------------+-------+-------+-------+-------+-------++-------
Melee: Flail             |   112 |   132 |   316 |   275 |       ||   835
       Headbutt          |    14 |    16 |    63 |   106 |    97 ||   296
       Morningstar       |       |       |       |   349 |   170 ||   519
       Mace              |       |       |       |       |   345 ||   345
Invok: Upheaval          |       |       |       |     2 |       ||     2
       Disaster Area     |       |       |       |     1 |       ||     1
       Elemental Force   |       |       |       |     1 |     2 ||     3
 Abil: Evoke Flight      |       |     1 |       |       |       ||     1
       Evoke Berserk Rag |       |       |     1 |     3 |       ||     4
  Use: Potion            |       |       |       |    15 |     8 ||    23
       Scroll            |       |       |       |     7 |    11 ||    18
 Stab: Invisible         |       |       |       |       |     1 ||     1
  Eat: Ration            |     1 |     1 |     4 |     4 |     6 ||    16
       Chunk             |       |       |     3 |     1 |     1 ||     5
Armor: Scale mail        |    54 |    38 |       |       |       ||    92
       Plate armour      |       |    14 |   126 |   135 |   144 ||   419
       Skin              |       |       |       |    39 |    14 ||    53
Dodge: Dodged            |    39 |    22 |    47 |    59 |    75 ||   242
       Deflected         |       |       |       |     1 |    21 ||    22
Block: Kite shield       |    64 |    75 |   247 |   560 |   469 ||  1415

Table legend:
 A = Non-vault XP
 B = Vault XP
 C = Vault XP percentage of total XP
 D = Non-vault monster count
 E = Vault monster count
 F = Vault count percentage of total count
                 A         B        C        D         E       F
            +---------+---------+-------+---------+---------+-------
      Total |   47705 |   34217 |  41.8 |     319 |     144 |  31.1
            +---------+---------+-------+---------+---------+-------
        D:1 |      38 |       0 |   0.0 |      21 |       0 |   0.0
        D:2 |      89 |       0 |   0.0 |      26 |       0 |   0.0
        D:3 |      80 |     151 |  65.4 |      15 |       1 |   6.2
        D:4 |     341 |       0 |   0.0 |      15 |       0 |   0.0
        D:5 |     466 |     534 |  53.4 |      17 |       2 |  10.5
        D:6 |     992 |     396 |  28.5 |      25 |       9 |  26.5
        D:7 |     620 |       0 |   0.0 |      19 |       0 |   0.0
        D:8 |    2571 |     477 |  15.6 |      37 |       5 |  11.9
        D:9 |     187 |    1775 |  90.5 |       3 |      34 |  91.9
      Orc:1 |    2010 |       0 |   0.0 |      21 |       0 |   0.0
      Orc:2 |    5944 |   17596 |  74.7 |      63 |      39 |  38.2
      Elf:1 |   17526 |    8513 |  32.7 |      31 |      11 |  26.2
      Elf:2 |   16841 |    4275 |  20.2 |      26 |       6 |  18.8
    Ossuary |       0 |     500 | 100.0 |       0 |      37 | 100.0
            +---------+---------+-------+---------+---------+-------
